 Dungeon Crawl Stone Soup version 0.31-a0-1071-gaead2f62b1 (webtiles) character file.

Game seed: 4902439893141409112

126 timneilson the Ruffian (level 5, -10/34 HPs)
             Began as an Octopode Shapeshifter on Nov 26, 2023.
             Mangled by an ice beast (13 damage)
             ... on level 3 of the Dungeon.
             The game lasted 00:04:13 (1463 turns).

timneilson the Ruffian (Octopode Shapeshifter)      Turns: 1463, Time: 00:04:14

Health: -10/34     AC:  1    Str: 22    XL:     5   Next: 10%
Magic:  5/5        EV: 13    Int: 12    God:
Gold:   120        SH:  0    Dex: 11    Spells: 4/4 levels left

rFire   . .          .
                       - Unarmed
rCold   . . .        (no shield)
rNeg    . . .        (helmet currently unavailable)
rPois   .            (no amulet)
rElec   .            k - +6 ring of strength
rCorr   .            (no ring)
SInv    .            (no ring)
Will    .....        (no ring)
Stlth   +++          (no ring)
HPRegen 0.25/turn    (no ring)
MPRegen 0.09/turn    (no ring)
                     (no ring)

%: no passive effects
@: beast-form
A: beast (slay +2), almost no armour, amphibious, 8 rings, camouflage 1,
gelatinous body 1, (nimble swimmer 1), tentacles
a: Begin Untransformation


You were on level 3 of the Dungeon.
You were a hulking beast.
You visited 1 branch of the dungeon, and saw 3 of its levels.

You collected 120 gold pieces.

Inventory:

Jewellery
 k - a +6 ring of strength (left tentacle)
Talismans
 b - a beast talisman
 c - a flux talisman
Potions
 a - 2 potions of lignification
 d - a potion of brilliance
 e - 2 potions of heal wounds {unknown}
 f - a potion of attraction {unknown}
 g - a potion of berserk rage {unknown}
 h - a potion of ambrosia {unknown}
 i - a potion of degeneration {unknown}
 j - a potion of haste {unknown}


   Skills:
 * Level 2.3 Fighting
 * Level 2.8 Dodging
 + Level 2.1 Stealth
 * Level 3.6 Unarmed Combat
 * Level 3.6 Shapeshifting


You had 4 spell levels left.
You didn't know any spells.
Your spell library contained the following spells:

 Spells                   Type           Power      Damage    Failure   Level
 Sublimation of Blood     Necr           0%         N/A       45%         2
 Petrify                  Tmut/Erth      0%         N/A       97%         4
 Irradiate                Conj/Tmut      0%         3d11      100%        5


Dungeon Overview and Level Annotations

Branches:
Dungeon (3/15)

Altars:
Fedhas
Trog

Shops:
D:1 ?*   D:2 :


Innate Abilities, Weirdness & Mutations

You are a hulking beast.
Your limbs bulge with bestial killing power. (Slay +2)
You cannot wear most types of armour.
You are amphibious.
You can wear up to eight rings at the same time.
Your skin changes colour to match your surroundings (Stealth+).
Your rubbery body absorbs attacks. (AC +1, EV +1)
((You are camouflaged when in or above water. (Stealth+)))
You have tentacles for arms and can constrict up to eight enemies at once.


Message History

A rat comes into view.
A kobold comes into view. It is wielding a +0 whip.
The helpless rat fails to defend itself.
You bludgeon the rat!
You kill the rat!
You see here a rat corpse.
Found a smoky silvery potion.
You catch the helpless kobold completely off-guard!
You bludgeon the kobold!
You kill the kobold!
You hear a splash. x2
An ice beast comes into view.
You enter the shallow water.
Things that are here:
a +0 whip; 2 stones
Okay, then.
You barely miss the ice beast. The ice beast hits you.
The ice beast freezes you!
You tentacle-slap the ice beast but do no damage.
The ice beast barely misses you.
You tentacle-slap the ice beast but do no damage.
You squeeze the ice beast, but do no damage.
The ice beast completely misses you.
You closely miss the ice beast. The ice beast hits you.
The ice beast freezes you!
* * * LOW HITPOINT WARNING * * *
You tentacle-slap the ice beast. Your squeeze misses the ice beast.
The ice beast is lightly wounded.
You tentacle-slap the ice beast.
The ice beast is moderately wounded.
The ice beast closely misses you.
You barely miss the ice beast. Your squeeze misses the ice beast.
The ice beast is moderately wounded.
The ice beast misses you.
You tentacle-slap the ice beast but do no damage.
The ice beast is moderately wounded.
The ice beast hits you.
* * * LOW HITPOINT WARNING * * *
The ice beast freezes you!
You die...

.~.# #.~##...##
#P~.#....# ##.~.#....###
##.P~.##.....
##P.Y~..#...# .#
#..P~...#...# ..##
#####)####..# #....
#.......Yh.########..!..
####..####............#
.. #.## #...........#
#.. #. #.........#.##..
## #.........#.#..
#.........#.#.#
#######...#.#.#
##......# #.....†##


You could see an ice beast.

Vanquished Creatures
  4 gnolls
  4 adders
  3 dart slugs (D:1)
  5 endoplasms (D:2)
  2 giant cockroaches
  3 goblins
  5 hobgoblins
  4 kobolds
  2 quokkas (D:3)
  4 ball pythons
  5 bats
  A frilled lizard (D:1)
  6 rats
48 creatures vanquished.

Notes
Turn   | Place    | Note
-------+----------+-------------------------------------------
     0 | D:1      | timneilson the Octopode Shapeshifter began the quest for
                  | the Orb.
     0 | D:1      | Reached XP level 1. HP: 13/13 MP: 1/1
    78 | D:1      | Found Weutappasm's Magic Scroll Shop.
   107 | D:1      | Reached XP level 2. HP: 12/18 MP: 2/2
   241 | D:1      | Reached skill level 1 in Stealth
   390 | D:1      | Found Qyhaah's General Store.
   522 | D:2      | Reached XP level 3. HP: 23/23 MP: 3/3
   540 | D:2      | Found Ota Feeh's Book Shoppe.
   805 | D:2      | Found a bloodstained altar of Trog.
   900 | D:1      | Reached XP level 4. HP: 25/29 MP: 4/4
  1334 | D:3      | Identified the +6 spear of Putrescence {flame, *Rage Will+
                  | Int+3 Dex+2}
  1341 | D:3      | Found a blossoming altar of Fedhas.
  1366 | D:3      | Reached XP level 5. HP: 32/34 MP: 5/5
  1448 | D:3      | Noticed an ice beast
  1463 | D:3      | Mangled by an ice beast

Illustrated notes

Levels and vault maps discovered:
D:1:      roderic_octagonal_star, layout_rooms, serial_shops, shop, shop,
          minmay_misc_feat_more_columns
D:2:      layout_loops_ring, serial_shops, shop, basic_altar
D:3:      layout_rooms, nicolae_hepliaklqana_monster_ancestors, fedhas_altar_2,
          shapermc_ecumenical_altar_hornbeckon, kennysheep_orc_chapel

Skill      XL: |  1  2  3  4 |
---------------+-------------+-----
Stealth        | 1 2 |  2.1
Fighting       | 2 |  2.3
Dodging        | |  2.8
Unarmed Combat | |  3.6
Shapeshifting  | |  3.6

Action                     |  1- 3 |  4- 6 || total
---------------------------+-------+-------++-------
  Melee: Unarmed           |    61 |    38 ||    99
         Constrict         |    15 |     7 ||    22
         Tentacles         |     7 |     3 ||    10
         Punch             |     1 |     2 ||     3
    Use: Scroll            |     2 |     3 ||     5
   Stab: Sleeping          |     9 |     4 ||    13
         Distracted        |       |     1 ||     1
 Armour: Skin              |    22 |    16 ||    38
  Dodge: Dodged            |    28 |    13 ||    41

Table legend: (Time is in decaauts)
 A = Elapsed time spent in this place.
 B = Non-inter-level travel time spent in this place.
 C = Inter-level travel time spent in this place.
 D = Time resting spent in this place.
 E = Time spent auto-exploring this place.
 F = Levels seen in this place.
 G = Mean time per level.
                   A        B        C        D        E       F      G
               +--------+--------+--------+--------+--------+-----+--------+
         Total |   1457 |   1434 |     23 |     74 |    919 |   3 |  485.7 |
       Dungeon |   1457 |   1434 |     23 |     74 |    919 |   3 |  485.7 |
               +--------+--------+--------+--------+--------+-----+--------+

Top non-repeatable levels by time:
     D:2: 730 daAuts
     D:1: 597 daAuts
     D:3: 130 daAuts
